 Dungeon Crawl Stone Soup version 0.30-a0-439-g9e77e4d916 (webtiles) character file.

Game seed: 8639914918512926140

37 AigisTheKnight the Firebug (level 3, 8/26 HPs)
             Began as a Demonspawn Fire Elementalist on Dec 10, 2022.
             Quit the game on level 2 of the Dungeon.
             The game lasted 00:02:01 (953 turns).

AigisTheKnight the Firebug (DsFE)                    Turns: 953, Time: 00:02:02

Health: 8/26       AC:  2    Str:  8    XL:     3   Next: 21%
Magic:  4/6        EV: 12    Int: 18    God:
Gold:   81         SH:  0    Dex: 13    Spells: 5/6 levels left

rFire   . . .      SeeInvis .    e - +0 sling
rCold   . . .      Faith    .    (no shield)
rNeg    . . .      Spirit   .    a - +0 robe
rPois   .          Reflect  .    (helmet restricted)
rElec   .          Harm     .    (no cloak)
rCorr   .          Rampage  .    (no gloves)
Will    .....                    (no boots)
Stlth   ++........               (no amulet)
HPRegen 0.24/turn                (no ring)
MPRegen 0.10/turn                (no ring)

@: no status effects
A: horns 1, demonic touch 1
a: no special abilities


You were on level 2 of the Dungeon.
You visited 1 branch of the dungeon, and saw 2 of its levels.

You collected 81 gold pieces.

Inventory:

Hand Weapons
 e - a +0 sling (weapon)
Armour
 a - a +0 robe (worn)
Scrolls
 d - 2 scrolls of identify {unknown}
 f - a scroll of magic mapping {unknown}
Potions
 b - a potion of magic
 c - a potion of heal wounds {unknown}
 g - a potion of might {unknown}
 h - a potion of cancellation {unknown}


   Skills:
 + Level 1.0 Fighting
 + Level 2.0 Dodging
 + Level 2.2 Stealth
 + Level 2.3 Spellcasting
 + Level 1.5 Conjurations
 + Level 2.9 Fire Magic


You had 5 spell levels left.
You knew the following spells:

 Your Spells              Type           Power      Damage    Failure   Level
a - Foxfire               Conj/Fire      40%        2x1d6     7%          1

Your spell library contained the following spells:

 Spells                   Type           Power      Damage    Failure   Level
 Scorch                   Fire           24%        2d6       8%          2
 Inner Flame              Hex/Fire       7%         N/A       28%         3
 Kindle Blastsparks       Fire/Tloc/Air  10%        2d10      34%         3
 Ozocubu's Armour         Ice            2%         N/A       47%         3
 Flame Wave               Conj/Fire      10%        2d6       56%         4
 Metabolic Englaciation   Hex/Ice        1%         N/A       99%         5
 Simulacrum               Ice/Necr       1%         N/A       100%        6


Dungeon Overview and Level Annotations

Branches:
Dungeon (2/15)

Altars:


Innate Abilities, Weirdness & Mutations

You have a pair of small horns on your head.
Your touch may inflict minor irresistible damage on your foes.


Message History

You shoot a sling bullet. The sling bullet misses the adder.
You shoot a sling bullet. The sling bullet misses the adder.
You shoot a sling bullet. The sling bullet hits the adder.
The adder is severely wounded.
The adder closely misses you.
You shoot a sling bullet. The sling bullet misses the adder.
The adder misses you. The adder closely misses you.
You shoot a sling bullet.
The sling bullet closely misses the adder.
The adder barely misses you. The adder bites you.
You shoot a sling bullet. The sling bullet misses the adder.
The adder barely misses you. The adder bites you.
You shoot a sling bullet.
The sling bullet hits the adder but does no damage.
The adder is severely wounded.
The adder bites you. x2
You are poisoned.
The adder poisons you!
You shoot a sling bullet.
The sling bullet closely misses the adder.
You feel sick. The adder bites you.
Casting: Foxfire (safe; 9% risk of failure)
Confirm with . or Enter, or press ? or * to list all spells.
You conjure some foxfire!
You feel sick. The adder bites you but does no damage. The adder bites you.
Unknown command.
You are too injured to fight recklessly!
You shoot a sling bullet. The sling bullet hits the adder.
You kill the adder!
You feel sick.
You are no longer poisoned.
Your Fighting skill increases to level 1!
You have reached level 3!
Your experience leads to an increase in your attributes!
Increase (S)trength, (I)ntelligence, or (D)exterity?
You feel clever. x2; Your demonic ancestry asserts itself...
Your hands begin to faintly glow with unholy energy.
Sorry, you're not good enough to have a special ability.
Unknown command.
Are you sure you want to abandon this character and quit the game? (Confirm with "yes".)

##.## #.# #.# #.#
#.## #.# #..# #.#
##.# #.#
#######.###§##
#..........§§####
#.#####>##§#.§..##
#.##@§..§...
#.##§##..v..
#.##.§ ....
#.##§## ... #....§
.. ####.# # #.#
...


There were no monsters in sight!

Vanquished Creatures
  An adder (D:2)
  A bat (D:1)
  6 endoplasms (D:1)
  3 goblins (D:1)
  A hobgoblin (D:1)
  A quokka (D:1)
  2 frilled lizards (D:1)
  2 kobolds (D:1)
  12 rats (D:1)
29 creatures vanquished.

Vanquished Creatures (collateral kills)
  2 foxfires (D:1)
2 creatures vanquished.

Vanquished Creatures (others)
  16 foxfires (D:1)
  4 plants (D:1)
20 creatures vanquished.

Grand Total: 51 creatures vanquished

Notes
Turn   | Place    | Note
-------+----------+-------------------------------------------
     0 | D:1      | AigisTheKnight the Demonspawn Fire Elementalist began the
                  | quest for the Orb.
     0 | D:1      | Reached XP level 1. HP: 13/13 MP: 3/3
   198 | D:1      | Discovered your monstrous ancestry.
   198 | D:1      | Gained mutation: You have a pair of small horns on your
                  | head. [demonic ancestry]
   198 | D:1      | Reached XP level 2. HP: 10/19 MP: 0/5
   953 | D:2      | Reached skill level 1 in Fighting
   953 | D:2      | Gained mutation: Your touch may inflict minor irresistible
                  | damage on your foes. [demonic ancestry]
   953 | D:2      | Reached XP level 3. HP: 8/26 MP: 4/6
   953 | D:2      | Quit the game

Illustrated notes

Levels and vault maps discovered:
D:1:      nzn_arrival_settlement, layout_basic, serial_forest,
          infiniplex_forest_straight_1, infiniplex_forest_straight_4,
          infiniplex_forest_lined_2, infiniplex_forest_lined_room_2,
          infiniplex_forest_zigzag_1, infiniplex_forest_clump_curved,
          infiniplex_forest_lined_1, infiniplex_forest_clump_tiny,
          infiniplex_forest_clump_double, infiniplex_forest_clump_medium,
          st_stairs_3, minivault_27, minmay_rat_gold_closets
D:2:      layout_loops_ring

Skill      XL: |  1  2 |
---------------+-------+-----
Stealth        | 2 |  2.2
Dodging        | 2 |  2.0
Fighting       | 1 |  1.0
Spellcasting   | |  2.3
Conjurations   | |  1.5
Fire Magic     | |  2.9

Action                   || total
-------------------------++-------
 Fire: Sling             ||    83
 Cast: Foxfire           ||    12
Armor: Robe              ||     7
Dodge: Dodged            ||    29

Table legend: (Time is in decaauts)
 A = Elapsed time spent in this place.
 B = Non-inter-level travel time spent in this place.
 C = Inter-level travel time spent in this place.
 D = Time resting spent in this place.
 E = Time spent auto-exploring this place.
 F = Levels seen in this place.
 G = Mean time per level.
                   A        B        C        D        E       F      G
               +--------+--------+--------+--------+--------+-----+--------+
         Total |    985 |    971 |     14 |      0 |    787 |   2 |  492.5 |
       Dungeon |    985 |    971 |     14 |      0 |    787 |   2 |  492.5 |
               +--------+--------+--------+--------+--------+-----+--------+

Top non-repeatable levels by time:
     D:1: 921 daAuts
     D:2: 63 daAuts
